cohdb
Replays
Latest Replays
All Replays
Popular Replays
Top Player Replays
Match Explorer
How It Works
Community
CoH3 Stats
Reddit
Sign in to upload your games and track your stats! →
Sign in with Steam
Match 43379384
Unlisted
Match 43379384
Overview
Messages
Build Orders
End
Construct Section Command Post
Selects Heavy Armor Battlegroup
Dingo Light Scout Car
Infantry Section
Vickers Machine Gun Team
Infantry Section
Construct Platoon Command Post
Selects Rigorous Vehicle Training
Selects Light Vehicle Withdraw and Refit
Humber Armored Car
Infantry Section
Infantry Training
Selects Radio Net
6-pounder Anti-tank Gun Team
Construct Company Command Post
Light Vehicle Withdraw and Refit
Crusader II Medium Tank
Crusader II Medium Tank
Selects Designate Targets
Selects Forward Repair Assembly
Armored Vehicle Training
Designate Targets
Crusader II Medium Tank
Crusader II Medium Tank
Foot Guards Section
Radio Net
Designate Targets
bobr
xancex
entalp99
Dave
0
0
Comments
sign in to comment!
No comments posted yet!